Map: Deathaura LE

Players

MarineLorD - Winner!

  • Race: Terran Terran
  • League: Master
  • Spawn Location: 11:00

AqueroN

  • Race: Terran Terran
  • League: Grandmaster
  • Spawn Location: 5:00

Event: DreamHack SC2 Masters 2020 Fall

VOD

Have the link to the VOD?

Description

Time

  • Played on: Sept. 4, 2020, 12:04 p.m.
  • Length: 18:23

All games in this series

Show
View Real Time Build Order
Export as new Build Order

MarineLorD Terran - Winner!

Build Orders:  

Get SALT Encoding   

  12  0:00  SCV  
  13  0:12  SCV  
  14  0:17  Supply Depot  
  14  0:24  SCV  
  14  0:28  Refinery  
  15  0:38  SCV  
  16  0:44  Barracks  
  16  0:50  SCV  
  16  0:56  Refinery  
  17  1:02  SCV  
  18  1:14  SCV  
  19  1:30  Orbital Command  
  19  1:31  Reaper  
  20  1:34  Factory  
  20  1:42  Supply Depot  
  20  1:55  SCV  
  21  2:03  Reaper  
  21  2:07  SCV  
  23  2:18  Hellion  
  23  2:20  SCV  
  26  2:27  Command Center  
  26  2:34  SCV  
  26  2:35  Reaper  
  28  2:41  Hellion  
  30  2:44  Supply Depot  
  30  2:46  SCV  
  31  2:54  Starport  
  31  3:07  Factory Tech Lab  
  31  3:08  Barracks Tech Lab  
  31  3:09  SCV  
  31  3:21  SCV  
  31  3:25  Cyclone  
  35  3:28  Refinery  
  35  3:33  SCV  
  36  3:35  Barracks Reactor  
  35  3:45  SCV  
  34  3:51  Orbital Command  
  34  3:54  Raven  
  32  3:57  SCV  
  32  3:58  Cyclone  
  36  4:09  SCV  
  37  4:16  SCV  
  38  4:20  Command Center  
  38  4:21  SCV  
  38  4:24  Marine x2  
  39  4:31  Siege Tank  
  44  4:32  SCV  
  44  4:36  SCV  
  46  4:41  Raven  
  46  4:44  SCV  
  49  4:47  Marine x2  
  49  4:48  Supply Depot  
  49  4:51  SCV  
  52  4:56  SCV  
  52  4:58  Supply Depot  
  53  5:03  SCV  
  54  5:09  Marine x2  
  54  5:10  SCV, Siege Tank  
  60  5:16  SCV  
  61  5:22  SCV  
  61  5:24  Raven  
  64  5:28  SCV, Supply Depot  
  64  5:30  Refinery, Marine x2  
  64  5:34  SCV  
  68  5:36  Orbital Command  
  68  5:40  SCV  
  68  5:42  Siege Tank  
  72  5:46  SCV  
  72  5:49  Marine x2  
  75  5:53  Supply Depot  
  75  5:54  SCV  
  76  5:58  SCV  
  76  6:02  Barracks  
  76  6:03  SCV  
  78  6:07  SCV, Barracks  
  81  6:14  Siege Tank  
  81  6:15  SCV x2  
  84  6:20  SCV  
  84  6:22  Viking  
  84  6:23  Viking  
  84  6:25  Marine  
  90  6:27  Stimpack  
  90  6:29  SCV  
  90  6:32  SCV x2  
  93  6:39  Supply Depot  
  93  6:41  SCV  
  93  6:43  Supply Depot  
  93  6:44  SCV  
  93  6:46  SCV  
  96  6:48  Siege Tank  
  96  6:52  Viking  
  101  7:00  Barracks Reactor  
  101  7:01  Barracks Reactor, Viking, SCV x3  
  106  7:06  Engineering Bay x2  
  106  7:12  Marine  
  106  7:13  SCV x3  
  106  7:15  Supply Depot  
  109  7:17  Supply Depot  
  109  7:19  Supply Depot  
  109  7:20  Siege Tank  
  112  7:25  Viking, SCV x2  
  116  7:31  SCV  
  116  7:36  Viking  
  119  7:37  SCV x2, Marine x4  
  119  7:39  Terran Infantry Weapons Level 1, Marine, Terran Infantry Armor Level 1  
  119  7:41  Supply Depot  
  119  7:43  SCV  
  127  7:49  SCV x2  
  129  7:52  Siege Tank  
  129  7:56  Refinery x2, Marine  
  129  7:57  Marine  
  129  7:58  Marine x2  
  133  7:59  Marine  
  133  8:03  Barracks  
  129  8:06  Barracks  
  129  8:08  Viking x2  
  129  8:10  Sensor Tower  
  132  8:17  Supply Depot  
  132  8:18  Combat Shield, Marine x3  
  135  8:21  Marine x2  
  135  8:24  Command Center  
  137  8:31  Supply Depot  
  137  8:32  Missile Turret  
  137  8:36  Marine x3  
  137  8:39  Medivac x2, Missile Turret  
  144  8:42  Siege Tank  
  144  8:43  SCV x3  
  144  8:48  Supply Depot  
  150  8:50  Supply Depot  
  150  8:54  Marine  
  152  8:57  Marine x2  
  152  9:01  Marine x2  
  156  9:03  Barracks Reactor x2  
  156  9:08  Missile Turret  
  155  9:11  Marine  
  155  9:13  Medivac x2  
  155  9:14  Siege Tank  
  155  9:15  Marine x2  
  165  9:19  Marine  
  165  9:20  Barracks  
  165  9:21  SCV x3, Armory, Barracks  
  165  9:22  Barracks  
  165  9:23  Marine  
  170  9:29  Supply Depot x3, Marine  
  171  9:33  Marine  
  172  9:40  Marine  
  172  9:42  Marine x2  
  172  9:44  Marine x3  
  179  9:46  Viking x2  
  179  9:48  Siege Tank  
  179  9:52  Marine x2  
  187  9:53  Factory  
  187  9:58  SCV, Marine  
  187  9:59  SCV, Barracks Reactor, Marine, Planetary Fortress  
  191  10:10  Marine  
  191  10:11  Marine  
  191  10:12  Refinery x2  
  193  10:15  Marine x2  
  193  10:19  Marine  
  193  10:20  Marine  
  197  10:24  Command Center  
  197  10:25  Viking  
  199  10:28  Sensor Tower  
  199  10:36  Marine  
  200  10:47  Barracks Reactor x3  
  198  10:50  Marine x2  
  198  11:03  Marine x2  
  191  11:08  Marine x5  
  191  11:10  Marine x2  
  158  11:14  Marine  
  150  11:19  Siege Tank x2  
  150  11:20  Medivac  
  150  11:21  Medivac, Marine x2  
  150  11:22  SCV x2  
  150  11:23  SCV  
  165  11:25  Marine x2  
  165  11:26  Marine x5  
  165  11:27  Marine x3  
  165  11:28  Marine x2  
  176  11:34  SCV  
  176  11:35  SCV x2, Marine x2  
  176  11:39  Marine  
  182  11:42  Marine  
  182  11:43  Marine  
  182  11:44  Marine x2  
  182  11:47  SCV x3, Marine  
  188  11:51  Refinery  
  188  11:52  Viking  
  192  11:55  Marine x4  
  192  11:59  SCV x3, Marine  
  200  12:15  Sensor Tower  
  200  12:16  Missile Turret  
  200  12:21  Planetary Fortress  
  200  12:23  Command Center  
  200  12:24  Terran Infantry Weapons Level 2  
  200  12:25  Command Center  
  200  12:26  Terran Vehicle Weapons Level 1  
  193  12:35  Marine x2, Siege Tank  
  193  12:36  Marine x2  
  182  12:38  Terran Infantry Armor Level 2  
  182  12:43  Marine x4  
  180  12:44  Marine  
  180  12:45  Marine  
  180  12:46  Marine  
  180  12:47  Marine  
  180  12:50  Marine x2  
  176  12:52  Marine  
  176  12:54  Marine x2  
  173  13:04  Marine x2  
  172  13:06  Siege Tank  
  172  13:07  Marine x3  
  178  13:13  Marine x3  
  178  13:19  Marine x3  
  183  13:20  Marine  
  183  13:26  Marine x4  
  174  13:33  Viking x2, Marine  
  168  13:35  Marine x2  
  168  13:36  Marine x4  
  168  13:39  Marine  
  176  13:41  Orbital Command x2, Siege Tank  
  176  13:44  SCV x2  
  176  13:45  SCV  
  176  13:46  SCV, Marine  
  181  13:54  Marine x2  
  181  13:55  Siege Tank  
  181  13:56  Marine  
  181  13:58  Marine x2  
  181  14:00  Marine x4  
  181  14:02  Marine x2  
  190  14:07  Marine x4  
  192  14:13  Siege Tank  
  194  14:25  Viking x2  
  194  14:29  Command Center  
  198  14:38  Starport  
  198  14:39  Fusion Core, Starport  
  198  14:40  Starport  
  198  14:41  Terran Infantry Weapons Level 3  
  198  14:43  Terran Vehicle Weapons Level 2  
  198  14:45  Siege Tank  
  199  14:56  Viking  
  199  15:12  Command Center  
  199  15:17  Starport Reactor x3  
  199  15:22  Command Center  
  194  15:44  Missile Turret  
  194  15:45  Viking x2  
  194  15:47  Planetary Fortress, Missile Turret  
  198  15:50  Sensor Tower  
  190  16:15  Marine x2  
  190  16:16  Marine x6  
  190  16:17  Marine x3  
  161  16:18  Liberator x3  
  161  16:19  Viking x4  
  161  16:20  Marine x3  
  161  16:21  Viking  
  183  16:26  Marine  
  183  16:28  Siege Tank  
  187  16:35  Marine  
  187  16:36  Marine  
  187  16:39  Siege Tank  
  192  16:49  Viking  
  187  16:57  Liberator  
  187  16:58  Liberator x2  
  187  17:00  Siege Tank  
  187  17:01  Marine x2  
  186  17:02  Marine  
  186  17:03  Marine  
  182  17:18  Marine x2  
  182  17:21  Marine x2  
  182  17:22  Marine  
  156  17:27  Marine x7, Siege Tank  
  156  17:28  Marine x4  
  156  17:29  Liberator  
  167  17:30  Orbital Command  
  167  17:32  Siege Tank  
  167  17:36  Marine x2  
  172  17:39  Marine x2  
  172  17:40  Marine  
  175  17:45  Marine x3  
  175  17:46  Marine x6  
  175  17:48  Marine x2  
  181  17:53  Marine  
  181  17:54  Marine  
  181  17:57  Marine  
  179  18:03  Marine x4  
  179  18:05  Marine  
  176  18:13  Refinery  
  176  18:14  Refinery  
  167  18:22  Command Center  
Show
View Real Time Build Order
Export as new Build Order

AqueroN Terran 

Build Orders:  

Get SALT Encoding   

  12  0:00  SCV  
  13  0:12  SCV  
  14  0:16  Supply Depot  
  14  0:24  SCV  
  15  0:32  Refinery  
  15  0:38  SCV  
  16  0:44  Barracks  
  16  0:50  SCV  
  17  0:58  Refinery  
  17  1:02  SCV  
  18  1:14  SCV  
  19  1:31  Reaper, Orbital Command  
  20  1:37  Factory  
  20  1:48  Supply Depot  
  20  1:56  SCV  
  21  2:03  Reaper  
  22  2:08  SCV  
  23  2:20  SCV  
  23  2:21  Hellion  
  26  2:27  Command Center  
  26  2:33  SCV  
  26  2:35  Reaper  
  28  2:38  Supply Depot  
  28  2:43  Hellion  
  30  2:45  SCV  
  31  2:54  Starport  
  31  3:00  SCV  
  31  3:08  Factory Tech Lab  
  31  3:09  Barracks Reactor  
  31  3:12  SCV  
  32  3:21  Refinery  
  32  3:24  SCV  
  33  3:27  Cyclone  
  36  3:36  SCV  
  36  3:37  Supply Depot  
  33  3:50  SCV  
  33  3:51  Marine x2  
  33  3:52  Starport Tech Lab  
  33  3:53  Orbital Command  
  33  3:59  Siege Tank  
  37  4:02  SCV  
  37  4:09  Marine x2  
  39  4:13  Raven  
  39  4:15  SCV  
  42  4:20  SCV  
  43  4:26  Marine  
  43  4:27  SCV, Marine  
  46  4:31  Siege Tank  
  46  4:32  SCV  
  46  4:33  Supply Depot  
  50  4:39  SCV  
  50  4:45  SCV  
  52  4:47  Marine x2  
  52  4:51  SCV  
  55  4:54  Supply Depot  
  55  4:55  Raven  
  55  4:57  SCV  
  58  5:03  SCV  
  58  5:04  Siege Tank  
  58  5:06  Marine  
  63  5:07  Marine  
  63  5:09  SCV  
  65  5:15  SCV  
  65  5:19  Command Center  
  65  5:21  SCV  
  66  5:27  SCV  
  68  5:29  Supply Depot  
  68  5:33  SCV  
  67  5:36  Siege Tank  
  67  5:39  SCV  
  71  5:43  Supply Depot  
  71  5:44  Viking x2  
  71  5:47  SCV  
  76  5:51  SCV  
  76  5:54  Supply Depot  
  77  5:59  SCV  
  77  6:03  SCV  
  79  6:05  Stimpack  
  79  6:06  Barracks  
  79  6:07  Barracks  
  79  6:14  Viking x2  
  79  6:17  SCV x2  
  85  6:22  Siege Tank  
  88  6:26  Refinery  
  88  6:29  Supply Depot  
  88  6:30  SCV x2  
  90  6:34  Orbital Command  
  90  6:35  Marine  
  91  6:44  Viking x2  
  95  6:50  Engineering Bay x2  
  95  6:55  SCV x2  
  95  6:56  Orbital Command  
  95  6:57  Siege Tank  
  95  6:59  Barracks Reactor  
  100  7:04  Barracks Reactor  
  100  7:07  SCV x2  
  102  7:14  Supply Depot  
  102  7:16  Barracks  
  102  7:17  Barracks  
  102  7:19  SCV, Terran Infantry Armor Level 1  
  102  7:21  SCV  
  102  7:22  SCV  
  105  7:31  SCV  
  105  7:33  Terran Infantry Weapons Level 1  
  105  7:34  Viking  
  105  7:39  SCV x2  
  105  7:41  Marine, Siege Tank  
  105  7:42  Refinery, Marine x3  
  105  7:43  SCV, Refinery  
  114  7:44  Marine  
  115  7:51  SCV x2  
  115  7:53  Supply Depot  
  115  7:54  Supply Depot  
  113  7:59  Marine  
  113  8:00  Marine x3  
  113  8:03  Combat Shield  
  113  8:04  Barracks Reactor  
  113  8:05  SCV x3, Barracks Reactor  
  120  8:08  Viking  
  120  8:12  Viking  
  124  8:17  Marine x4  
  124  8:18  Marine  
  124  8:19  Siege Tank  
  132  8:28  Supply Depot  
  132  8:29  Supply Depot  
  132  8:30  Sensor Tower  
  132  8:34  Marine  
  132  8:35  Marine x3  
  132  8:36  Marine  
  137  8:41  Missile Turret  
  137  8:43  Missile Turret, Factory  
  137  8:44  Marine x4  
  137  8:45  Missile Turret  
  141  8:49  Medivac x2  
  141  8:52  Marine  
  141  8:53  Marine x3  
  141  8:54  Marine  
  150  8:57  Siege Tank  
  150  9:01  Marine  
  152  9:03  Command Center  
  152  9:05  Marine x3  
  155  9:11  Armory  
  155  9:12  Marine  
  155  9:13  Marine x3  
  159  9:19  Medivac x2, Marine x2  
  164  9:24  Marine  
  165  9:34  Supply Depot, Factory Tech Lab  
  165  9:35  Supply Depot  
  165  9:36  Marine x4, Siege Tank  
  172  9:40  SCV  
  173  9:50  Supply Depot x2  
  173  9:51  Marine  
  173  9:52  SCV  
  173  9:55  Viking x2, SCV, Marine x2  
  173  9:57  Siege Tank  
  183  10:03  Marine x2  
  183  10:04  Marine x3  
  188  10:09  Terran Infantry Armor Level 2, Terran Infantry Weapons Level 2  
  185  10:21  Marine x2  
  186  10:25  Viking x2  
  190  10:29  Marine x4  
  190  10:34  Marine  
  190  10:35  Marine x2  
  195  10:36  Terran Vehicle Weapons Level 1  
  195  10:37  Siege Tank  
  195  10:40  Marine x2  
  197  10:47  Siege Tank  
  198  10:53  Marine x2  
  195  10:58  Marine  
  195  10:59  Marine x2  
  195  11:01  Marine  
  193  11:05  Marine  
  167  11:12  Marine x2  
  167  11:13  Marine x2  
  167  11:14  Medivac x2  
  167  11:15  Siege Tank  
  167  11:16  Marine  
  169  11:21  Marine  
  170  11:27  Marine x3  
  170  11:30  Marine x2  
  169  11:33  Marine x2  
  171  11:44  Liberator x2  
  171  11:46  Planetary Fortress  
  176  11:47  Marine x3  
  176  11:48  Marine x2  
  176  11:51  Refinery x2, Siege Tank  
  176  11:53  Siege Tank  
  187  11:56  Marine x2  
  187  12:00  Marine x2  
  191  12:07  Marine x3  
  191  12:08  Marine  
  195  12:13  Marine  
  195  12:14  Marine x2  
  198  12:17  Marine x2  
  198  12:19  Missile Turret x2  
  199  12:34  Marine x3  
  199  12:35  Marine x5  
  186  12:37  Siege Tank  
  186  12:42  Orbital Command  
  173  13:03  Marine x3  
  173  13:04  Marine x2  
  163  13:05  Marine  
  163  13:06  Marine x3  
  163  13:08  Siege Tank  
  163  13:09  SCV x2  
  163  13:10  SCV x2  
  163  13:12  Siege Tank  
  177  13:14  Terran Infantry Armor Level 3  
  177  13:21  Marine x3  
  177  13:22  Refinery, Marine x2  
  177  13:23  Marine  
  177  13:30  Medivac x2  
  164  13:36  Marine x3  
  164  13:39  Marine x2  
  167  13:42  Terran Infantry Weapons Level 3  
  167  13:45  Siege Tank  
  167  13:46  Siege Tank  
  173  13:52  Marine x4  
  177  14:05  Marine x4  
  177  14:06  Marine  
  182  14:12  Orbital Command  
  182  14:18  Siege Tank  
  182  14:20  Siege Tank  
  182  14:21  Medivac x2  
  182  14:24  Marine x5  
  197  14:42  Starport  
  197  14:44  SCV x2  
  199  14:46  Starport  
  179  14:52  Siege Tank  
  179  14:53  Marine x2  
  179  14:56  Refinery  
  179  14:58  Marine x3  
  184  15:06  Siege Tank  
  187  15:08  Marine x3  
  187  15:11  Marine x3  
  193  15:16  Marine  
  192  15:22  Marine x2  
  192  15:24  Starport Tech Lab  
  192  15:26  Marine  
  195  15:31  Starport Reactor  
  195  15:38  Marine x2  
  195  15:41  Siege Tank  
  200  15:52  Terran Vehicle Weapons Level 2  
  200  15:59  Command Center  
  197  16:13  Medivac  
  197  16:14  Medivac, Liberator x2  
  197  16:15  Viking  
  197  16:16  Siege Tank x2  
  197  16:17  Marine x2  
  200  16:43  Command Center  
  197  16:48  Siege Tank  
  199  16:57  Marine x6  
  199  16:58  Siege Tank  
  199  16:59  Viking x4  
  194  17:03  Viking  
  178  17:19  Marine  
  178  17:20  Marine x4  
  178  17:21  Marine  
  178  17:22  Marine x2  
  159  17:25  Siege Tank  
  159  17:26  Marine  
  153  17:37  Marine  
  153  17:38  Marine x5  
  153  17:40  Marine x2  
  153  17:43  Marine  
  136  17:45  Siege Tank  
  136  17:48  Viking x2  
  134  17:55  Marine  
  134  17:56  Marine x5  
  134  17:58  Marine x2  
  138  18:01  Marine  

Tags
 
Add a new tag
Caveats
  • Supply blocks, unpowered buildings, or Contaminate may cause inaccurate times.
  • Supply counts are checked every 10 seconds.